AoeStats
← Splujer

Black Forest

509425065Analyzed
3v3 RM · 5d ago on Sep 26, 2026· 61m 56s· 6 players
Game mode
Random Map
Map size
Normal (6 player)
Population
200
Speed
Normal
Resources
Standard
Victory
Conquest
Starting age
Dark Age
Ending age
Imperial Age
RankedLock teamsTeams togetherTeam positionsShared explorationLock speedFull tech treeHidden civsTurbo modeCheats
Victory
Defeat
🇲🇽 Franks · Mexico
718
+11
🇦🇷 Danes · Argentina
644
+14
🇮🇳 Dravidians · India
483
+22
🇫🇷 Maya · France
609
-16
🇬🇧 Vietnamese · United Kingdom
606
-16
🇨🇭 Bohemians · Switzerland
601
-15
MetBlue
0:32 Loom
16:33 Feudal Age
16:59 Double-Bit Axe
17:23 Arson
17:39 Horse Collar
21:35 Wheelbarrow
22:53 Town Watch
24:34 Forging
24:30 Scale Barding Armor
27:04 Castle Age
28:46 Hand Cart
28:54 Heavy Plow
30:23 Squires
31:21 Husbandry
31:24 Pikeman
33:06 Caravan
35:05 Iron Casting
35:49 Bow Saw
35:43 Town Patrol
36:16 Chain Barding Armor
37:52 Chemistry
39:13 Scale Mail Armor
39:16 Padded Archer Armor
39:09 Fletching
45:24 Imperial Age
45:05 Murder Holes
45:21 Fortified Wall
45:24 Masonry
44:55 Crossbowman
46:32 Conscription
45:46 Cavalier
47:41 Blast Furnace
46:38 Bodkin Arrow
49:32 Halberdier
51:28 Wagenburg Tactics
50:44 Elite Hussite Wagon
52:39 Arbalester
57:27 Leather Archer Armor
57:27 Bracer
60:09 Ring Archer Armor
60:44 Chain Mail Armor
THE TERMiNAT0RR
0:27 Loom
17:08 Feudal Age
18:30 Wheelbarrow
17:44 Double-Bit Axe
33:33 Castle Age
34:36 Hand Cart
36:05 Bow Saw
37:36 Horse Collar
40:14 Gold Mining
40:14 Stone Mining
45:20 Bloodlines
45:11 Husbandry
46:25 Chatras
47:18 Caravan
48:09 Pikeman
49:18 Heavy Plow
50:12 Fortified Wall
49:59 Murder Holes
54:40 Imperial Age
52:35 Forging
56:15 Light Cavalry
56:39 Elite Skirmisher
Splujer
0:32 Loom
18:25 Feudal Age
22:35 Horse Collar
22:47 Double-Bit Axe
25:42 Wheelbarrow
24:52 Town Watch
33:45 Castle Age
32:09 Fletching
32:20 Padded Archer Armor
32:16 Gold Mining
32:58 Stone Mining
36:03 Bow Saw
36:26 Heavy Plow
37:06 Bodkin Arrow
39:04 Fervor
39:31 Sanctity
39:18 Caravan
41:18 Coinage
42:18 Hand Cart
42:34 Hul'che Javelineers
41:57 Elite Skirmisher
42:37 Eagle Warrior
43:24 Scale Mail Armor
44:35 Town Patrol
49:10 Imperial Age
47:36 Squires
49:08 Ballistics
48:44 Murder Holes
48:31 Treadmill Crane
49:02 Masonry
51:43 Two-Man Saw
50:23 Onager
52:12 Chemistry
52:03 Crop Rotation
52:46 Conscription
52:21 Pikeman
53:15 Halberdier
amazingkabali
2:25 Loom
20:02 Feudal Age
21:16 Horse Collar
22:35 Wheelbarrow
23:14 Arson
24:48 Double-Bit Axe
28:47 Gold Mining
34:21 Castle Age
32:17 Town Watch
32:38 Man-at-Arms
34:17 Forging
33:57 Fletching
34:08 Scale Mail Armor
34:09 Padded Archer Armor
35:39 Hand Cart
35:30 Bodkin Arrow
35:32 Stone Mining
37:12 Bow Saw
44:49 Imperial Age
43:59 Caravan
43:27 Crossbowman
43:31 Long Swordsman
43:57 Gambesons
43:32 Pikeman
44:13 Squires
44:53 Iron Casting
44:34 Leather Archer Armor
44:35 Chain Mail Armor
44:25 Scale Barding Armor
44:27 Elite Skirmisher
45:13 Thumb Ring
46:07 Fortified Wall
46:11 Heavy Plow
46:43 Arbalester
49:08 Two-Handed Swordsman
49:09 Halberdier
49:41 Elite Elephant Archer
50:30 Champion
51:43 Medical Corps
55:40 Hoardings
alangb_par
1:16 Loom
13:21 Feudal Age
13:52 Double-Bit Axe
15:37 Man-at-Arms
17:48 Arson
20:38 Fishing Lines
27:53 Castle Age
25:50 Gold Mining
25:50 Stone Mining
28:18 Stone Mining
28:57 Bow Saw
29:26 Gold Shaft Mining
30:32 Gillnets
36:08 Imperial Age
34:19 Scale Barding Armor
37:51 Chemistry
37:14 Ballistics
37:03 Padded Archer Armor
36:54 Fletching
40:37 Cavalier
41:37 Leather Archer Armor
41:18 Bodkin Arrow
41:45 Chain Barding Armor
43:35 Paladin
46:54 Plate Barding Armor
49:57 Chivalry
54:03 Caravan
54:33 Coinage
59:14 Banking
Balasar
11:08 Feudal Age
11:42 Double-Bit Axe
13:25 Man-at-Arms
19:15 Fishing Lines
24:52 Castle Age
24:15 Horse Collar
24:27 Gold Mining
24:28 Stone Mining
26:15 Bow Saw
27:34 Long Swordsman
29:06 Wheelbarrow
31:25 Imperial Age
32:13 Gold Shaft Mining
32:11 Gambesons
32:26 Squires
32:11 Arson
33:59 Heavy Plow
33:56 Gillnets
33:43 Two-Handed Swordsman
33:44 Elite Varangian Guard
35:11 Hand Cart
34:33 Champion
34:33 Pikeman
36:09 Town Watch
36:52 Town Patrol
36:34 Capped Ram
36:34 Heavy Scorpion
37:25 Caravan
39:03 Siege Ram
39:03 Onager
40:25 Northmen's Fury
40:38 Hamask
42:16 Elite Jomsviking
42:22 Onager
43:44 Siege Onager
46:25 Conscription
47:25 Forging
47:16 Scale Mail Armor
47:47 Scale Mail Armor
49:04 Chemistry
48:57 Iron Casting
49:25 Chain Mail Armor
51:54 Halberdier
62:02 Fervor
Connection lost

Rejoining the realm…

Still unreachable

The connection could not be restored.

Session expired

The server has moved on; the page needs a fresh start.